 Dungeon Crawl Stone Soup version 0.17.0-28-g6e173f8 (webtiles) character file.

203 dohliylev the Stinger (level 5, -4/28 HPs)
             Began as a Deep Elf Venom Mage on Nov 24, 2015.
             Was an Initiate of Ru.
             Killed from afar by Nicoed's ghost (13 damage)
             ... with a flame tongue
             ... on level 3 of the Dungeon.
             The game lasted 00:27:17 (1844 turns).

dohliylev the Stinger (Deep Elf Venom Mage)         Turns: 1844, Time: 00:27:17

Health: -4/28      AC:  7    Str:  5    XL:     5   Next: 51%
Magic:  11/14      EV:  8    Int: 21    God:    Ru [......]
Gold:   158        SH:  0    Dex: 15    Spells: 2 memorised, 9 levels left

rFire  . . .     SeeInvis +     n - -2 dagger (curse)
rCold  . . .     Clarity  .     a - +0 robe
rNeg   . . .     SustAt   .     (no shield)
rPois  .         Gourm    .     s - +0 helmet {SInv}
rElec  .         Spirit   .     v - +0 cloak
rCorr  .         Warding  .     l - +1 pair of gloves
rMut   .         Stasis   .     k - +0 pair of boots
MR     .....                    o - amulet of regeneration
Stlth  +.........               (no ring)
                                u - ring of loudness (curse)

@: drained, not resistant to hostile enchantments, very unstealthy
A: no striking features
a: Renounce Religion


You were on level 3 of the Dungeon.
You worshipped Ru.
Ru was noncommittal.
You were hungry.

You visited 1 branch of the dungeon, and saw 3 of its levels.

You collected 158 gold pieces.

Inventory:

Hand Weapons
 n - a cursed -2 dagger (weapon)
Armour
 a - a +0 robe (worn)
 k - a +0 pair of boots (worn)
 l - a +1 pair of gloves (worn)
 s - a +0 helmet of see invisible (worn)
 v - a +0 cloak (worn)
Jewellery
 o - an amulet of regeneration (around neck)
 u - a cursed ring of loudness (left hand)
 A - an uncursed amulet of the gourmand
Scrolls
 e - a scroll of enchant armour {unknown}
 f - a scroll of remove curse {unknown}
 h - 3 scrolls of fog {unknown}
 p - 2 scrolls of identify {unknown}
 r - a scroll of blinking {unknown}
 w - a scroll of random uselessness {unknown}
 y - a scroll of teleportation {unknown}
Potions
 d - 2 potions of curing {unknown}
 q - a potion of agility {unknown}
 x - a potion of might {unknown}
 z - a potion of berserk rage {unknown}
Books
 b - a Young Poisoner's Handbook

   Spells                             Type                      Level
   a - Sting                          Conjuration/Poison           1
   b - Cure Poison                    Poison                       2
   c - Mephitic Cloud                 Conjuration/Poison/Air       3
   d - Olgreb's Toxic Radiance        Poison                       4
   e - Venom Bolt                     Conjuration/Poison           5
Comestibles
 c - 2 bread rations
 g - 4 chunks of flesh
 i - a slice of pizza
 j - 3 meat rations
 m - 5 fruits
 t - a beef jerky


   Skills:
 - Level 0.1(0.0) Fighting
 + Level 2.9(2.4) Dodging
 + Level 2.6(2.1) Stealth
 * Level 4.9(4.4) Spellcasting
 + Level 2.1(1.7) Conjurations
 + Level 0.4(0.0) Air Magic
 * Level 5.8(5.2) Poison Magic


You had 9 spell levels left.
You knew the following spells:

 Your Spells              Type           Power        Failure   Level  Hunger
a - Sting                 Conj/Pois      ###.         2%          1    None
b - Mephitic Cloud        Conj/Pois/Air  ##......     17%         3    ##.....


Dungeon Overview and Level Annotations

Branches:
Dungeon (3/15)

Altars:
Okawaru
Ru

Annotations:
D:3 Nicoed's ghost, amateur DrFE


Message History

The stinking cloud engulfs Nicoed's ghost.
Casting: Mephitic Cloud
Confirm with . or Enter, or press ? or * to list all spells.
You can't see any susceptible monsters within range! (Use Z to cast anyway.)
Casting: Mephitic Cloud
Confirm with . or Enter, or press ? or * to list all spells.
You can't see any susceptible monsters within range! (Use Z to cast anyway.)
Press: ? - help, v - describe, . - travel
Here: Nicoed's ghost The floor.
You are feeling hungry.
Some of the chunks of flesh in your inventory have rotted away.
Nicoed's ghost casts a spell at you. The flame tongue hits you!
Ouch! That really hurt!
* * * LOW HITPOINT WARNING * * *
There is a stone staircase leading down here.
Nicoed's ghost gestures at you while chanting.
The flame tongue hits you!
You die...

#.....'..#_.'.....######## ##
#.รท#..#.###.#..#..# #
.#######..#..#.....#..#..# .W
........######.....####### ###
....####..#...).......#..##
.##..).....)..#####........
##########..........########
##########..........#### ####
#...............@......#######...
##.####..#....W..................
#..........#.##.#############...
###.######...##.# .....# #...#
#.).###>## ..###### ##.### ##..##
#..#####..# ...# ###....#
##.......# [.##
#...##.#####..#####
..#####.####...##..).#####


You could see Nicoed's ghost.

Vanquished Creatures
  Terence (D:2)
  A worker ant (D:3)
  7 adders
  2 oozes (D:1)
  3 worms
  2 giant geckos
  8 orcs (D:3)
  3 giant cockroaches
  11 goblins
  8 hobgoblins
  6 jackals (D:3)
  3 quokkas
  6 bats
  4 giant newts
  3 kobolds
  13 rats
81 creatures vanquished.

Notes
Turn   | Place    | Note
--------------------------------------------------------------
     0 | D:1      | dohliylev the Deep Elf Venom Mage began the quest for the Orb.
     0 | D:1      | Reached XP level 1. HP: 10/10 MP: 6/6
    77 | D:2      | Noticed Terence
   142 | D:1      | Reached XP level 2. HP: 15/15 MP: 0/8
   462 | D:1      | Reached skill level 5 in Poison Magic
   499 | D:1      | Reached XP level 3. HP: 19/19 MP: 5/10
   504 | D:1      | Learned a level 3 spell: Mephitic Cloud
   849 | D:2      | Reached skill level 1 in Conjurations
   909 | D:2      | Killed Terence
   909 | D:2      | Reached XP level 4. HP: 24/24 MP: 1/12
  1286 | D:3      | Reached XP level 5. HP: 28/28 MP: 5/13
  1314 | D:3      | Found a sacrificial altar of Ru.
  1438 | D:3      | Became a worshipper of Ru the Awakened
  1460 | D:3      | Noticed a hungry ghost
  1663 | D:3      | Found an iron altar of Okawaru.
  1807 | D:3      | Noticed Nicoed's ghost (amateur DrFE)
  1844 | D:3      | Killed from afar by Nicoed's ghost

Action                   |  1- 3 |  4- 6 || total
-------------------------+-------+-------++-------
Melee: Unarmed           |     4 |       ||     4
       Dagger            |       |     9 ||     9
 Cast: Sting             |    81 |    82 ||   163
       Mephitic Cloud    |     2 |     9 ||    11
  Eat: Chunk             |       |     3 ||     3
